 Dungeon Crawl Stone Soup version 0.22-b1-26-g9dbaab1 (webtiles) character file.

200 Doobh the Sneak (level 6, -1/37 HPs)
             Began as a Kobold Assassin on Aug 8, 2018.
             Was an Initiate of Dithmenos.
             Shot with an arrow by a centaur (15 damage)
             ... on level 4 of the Dungeon.
             The game lasted 00:08:55 (2858 turns).

Doobh the Sneak (Kobold Assassin)                   Turns: 2858, Time: 00:08:56

Health: -1/37      AC:  6    Str:  9    XL:     6   Next: 6%
Magic:  6/6        EV: 16    Int: 12    God:    Dithmenos [......]
Gold:   118        SH:  0    Dex: 18    Spells: 5/5 levels left

rFire    . . .     SeeInvis .   u - +2 dagger (pain)
rCold    . . .     Gourm    .   (shield restricted)
rNeg     . . .     Faith    .   c - +0 robe
rPois    .         Spirit   .   t - +0 helmet
rElec    .         Reflect  .   d - +0 cloak
rCorr    .         Harm     .   p - +0 pair of gloves
MR       .....                  s - +0 pair of boots
Stlth    +++.......             (no amulet)
HPRegen  0.12/turn              (no ring)
MPRegen  0.10/turn              (no ring)

@: no status effects
A: small, carnivore
a: Renounce Religion


You were on level 4 of the Dungeon.
You worshipped Dithmenos.
Dithmenos was noncommittal.
You were completely stuffed.

You visited 2 branches of the dungeon, and saw 5 of its levels.

You collected 118 gold pieces.

Inventory:

Hand Weapons
 a - a +2 dagger
 b - a +0 blowgun
 u - a +2 dagger of pain (weapon)
Missiles
 e - 7 poisoned needles
 f - 2 curare-tipped needles
Armour
 c - a +0 robe (worn)
 d - a +0 cloak (worn)
 p - a +0 pair of gloves (worn)
 s - a +0 pair of boots (worn)
 t - a +0 helmet (worn)
Jewellery
 w - a cursed -3 ring of protection {unknown}
 A - an uncursed ring of stealth {unknown}
 B - an uncursed ring of magical power {unknown}
Scrolls
 j - 2 scrolls of remove curse {unknown}
 k - a scroll of enchant armour {unknown}
 l - a scroll of identify {unknown}
 n - a scroll of noise {unknown}
 o - 2 scrolls of immolation {unknown}
 q - a scroll of amnesia {unknown}
 v - a scroll of fear {unknown}
 y - a scroll of teleportation {unknown}
 z - a scroll of magic mapping {unknown}
Potions
 h - a potion of might {unknown}
 i - 2 potions of degeneration {unknown}
 m - a potion of brilliance {unknown}
 x - a potion of mutation {unknown}
Comestibles
 g - 8 rations
 r - 2 chunks of flesh


   Skills:
 + Level 3.0 Fighting
 * Level 4.6 Short Blades
 + Level 3.1 Throwing
 * Level 3.6 Dodging
 + Level 6.1 Stealth


You had 5 spell levels left.
You didn't know any spells.
Your spell library was empty.

Dungeon Overview and Level Annotations

Branches:
Dungeon (4/15)             Temple (1/1) D:4

Altars:
Ashenzari
Cheibriados
Dithmenos
Elyvilon
Fedhas
Gozag
Nemelex Xobeh
Okawaru
Qazlal
Ru
Sif Muna
Trog
Uskayaw
Vehumet
Wu Jian
Yredelemnul
Zin


Innate Abilities, Weirdness & Mutations

You are small and have problems with some larger weapons.
You are carnivorous and can eat meat at any time.


Message History

The centaur moves out of view.
The centaur shouts!
The centaur wields a shortbow.
The centaur shoots an arrow.
The arrow closely misses you.
You see here an arrow.
The centaur shoots an arrow.
The arrow hits you but does no damage.
You see here an arrow.
You hit the centaur skeleton.
The centaur skeleton is lightly damaged.
The centaur shoots an arrow.
The arrow hits you!
You hit the centaur skeleton.
The centaur skeleton is moderately damaged.
The centaur drinks a potion.
The centaur seems to speed up.
The centaur skeleton misses you.
You hit the centaur skeleton.
The centaur skeleton is moderately damaged.
The centaur shoots an arrow.
The arrow closely misses you. The centaur skeleton hits you.
The centaur shoots an arrow.
The arrow hits you.
The centaur shoots an arrow.
The arrow hits you!
You die...

.. .....#......#
##....##.# #..##......#
#......#.####..#####....
#......#...........#....
#......#.........<.#....
.#......'........)..#[...
.'......#...........'.)..
#......#.......##..#....
#......@.......##..#####
#....Z(..§.§............
#.........§§............
#.........§.............
#..............##..##.##
.c################'######
. #........ #........
#........


You could see a centaur and a centaur skeleton.

Vanquished Creatures
  An ogre (D:4)
  A bullfrog skeleton (D:4)
  Robin (D:1)
  2 adders
  An ooze (D:2)
  A dart slug (D:2)
  A leopard gecko (D:3)
  A ball python (D:3)
  16 goblins
  5 hobgoblins
  3 jackals (D:3)
  5 kobolds
  A quokka (D:3)
  7 bats
  4 frilled lizards
  6 rats
56 creatures vanquished.

Notes
Turn   | Place    | Note
-------+----------+-------------------------------------------
     0 | D:1      | Doobh the Kobold Assassin began the quest for the Orb.
     0 | D:1      | Reached XP level 1. HP: 12/12 MP: 1/1
    91 | D:1      | Reached XP level 2. HP: 14/17 MP: 2/2
   937 | D:2      | Reached XP level 3. HP: 16/22 MP: 3/3
   944 | D:2      | Found a hide-covered altar of Uskayaw.
  1145 | D:2      | Noticed Robin
  1685 | D:1      | Reached XP level 4. HP: 27/27 MP: 4/4
  1788 | D:1      | Killed Robin
  2552 | D:4      | Found a staircase to the Ecumenical Temple.
  2561 | Temple   | Entered the Ecumenical Temple
  2646 | Temple   | Became a worshipper of Dithmenos the Shadowed
  2676 | D:4      | Noticed an ogre
  2730 | D:4      | Noticed an ogre
  2751 | D:4      | Killed an ogre
  2751 | D:4      | Reached skill level 6 in Stealth
  2751 | D:4      | Reached XP level 5. HP: 26/32 MP: 5/5
  2818 | D:4      | Reached XP level 6. HP: 37/37 MP: 6/6
  2858 | D:4      | Shot with an arrow by a centaur

Skill      XL: |  1  2  3  4 |
---------------+-------------+-----
Short Blades   | 3 4 |  4.6
Dodging        | 2 3 |  3.6
Fighting       | 3 |  3.0
Throwing       | 3 |  3.1
Stealth        | 6 |  6.1

Action                   |  1- 3 |  4- 6 || total
-------------------------+-------+-------++-------
Melee: Dagger            |   121 |   100 ||   221
 Fire: Blowgun           |       |     5 ||     5
 Stab: Sleeping          |     8 |     6 ||    14
  Eat: Chunk             |    11 |     4 ||    15
Armor: Robe              |    21 |    23 ||    44
Dodge: Dodged            |    85 |    66 ||   151
